 Dungeon Crawl Stone Soup version 0.29.1-15-g9cfb28693d (webtiles) character file.

Game seed: 5828391060544120677

360 Heoruswealwe the Digger (level 6, -1/32 HPs)
             Began as a Deep Elf Earth Elementalist on Mar 18, 2023.
             Slain by a goblin
             ... wielding a +0 club
              (4 damage)
             ... on level 4 of the Dungeon.
             The game lasted 00:39:18 (2305 turns).

Heoruswealwe the Digger (DEEE)                      Turns: 2305, Time: 00:39:19

Health: -1/32      AC:  5    Str:  5    XL:     6   Next: 38%
Magic:  5/15       EV: 13    Int: 22    God:
Gold:   21         SH:  0    Dex: 21    Spells: 4/14 levels left

rFire   + . .      SeeInvis .   a - +4 flail "Fig Vias" {vorpal, rPois}
rCold   . . .      Faith    .   (no shield)
rNeg    . . .      Spirit   .   b - +0 robe
rPois   +          Reflect  .   d - +0 helmet
rElec   .          Harm     .   c - +0 cloak
rCorr   .          Rampage  .   e - +0 pair of gloves
Will    .....                   (no boots)
Stlth   ++........              (no amulet)
HPRegen 0.10/turn               f - +6 ring of dexterity
MPRegen 0.14/turn               g - ring of protection from fire

@: no status effects
A: no striking features
a: no special abilities


You were on level 4 of the Dungeon.
You visited 1 branch of the dungeon, and saw 4 of its levels.

You collected 165 gold pieces.
You spent 144 gold pieces at shops.

Inventory:

Hand Weapons
 a - the +4 flail "Fig Vias" (weapon) {vorpal, rPois}
   (You found it on level 3 of the Dungeon)

   It inflicts extra damage upon your enemies.
   rPois:     It protects you from poison.
 o - a +0 war axe
Armour
 b - a +0 robe (worn)
 c - a +0 cloak (worn)
 d - a +0 helmet (worn)
 e - a +0 pair of gloves (worn)
 n - a +0 robe
 w - a +0 robe
Jewellery
 f - a +6 ring of dexterity (left hand)
 g - a ring of protection from fire (right hand)
Wands
 v - a wand of light (7)
Scrolls
 h - 2 scrolls of magic mapping {unknown}
 j - a scroll of enchant armour
 l - a scroll of blinking {unknown}
 m - a scroll of poison {unknown}
 p - 3 scrolls of enchant weapon
 r - a scroll of teleportation {unknown}
 s - a scroll of butterflies {unknown}
 t - a scroll of torment {unknown}
Potions
 i - a potion of lignification {unknown}
 k - 2 potions of magic
 q - 3 potions of brilliance {unknown}
 u - 3 potions of attraction {unknown}


   Skills:
 - Level 2.4 Dodging
 - Level 2.4 Stealth
 + Level 4.9 Spellcasting
 + Level 2.9 Conjurations
 + Level 3.2 Transmutations
 * Level 5.5 Earth Magic


You had 4 spell levels left.
You knew the following spells:

 Your Spells              Type           Power      Damage    Failure   Level
a - Sandblast             Erth           58%        2d13      1%          1
b - Passwall              Tmut/Erth      20%        N/A       2%          2
c - Stone Arrow           Conj/Erth      48%        3d10      5%          3
d - Petrify               Tmut/Erth      24%        N/A       17%         4

Your spell library contained the following spells:

 Spells                   Type           Power      Damage    Failure   Level
 Apportation              Tloc           10%        N/A       11%         1
 Necrotise                Necr           20%        1d5       11%         1
 Summon Small Mammal      Summ           20%        N/A       11%         1
 Gell's Gravitas          Tloc           5%         N/A       30%         3
 Teleport Other           Tloc           5%         N/A       30%         3
 Passage of Golubria      Tloc           5%         N/A       71%         4
 Silence                  Hex/Air        2%         N/A       96%         5
 Dispersal                Tloc           2%         N/A       100%        6
 Lehudib's Crystal Spear  Conj/Erth      12%        10d4      100%        8


Dungeon Overview and Level Annotations

Branches:
Dungeon (4/15)
 Temple: D:4-7

Altars:
Sif Muna
Lugonu

Shops:
D:3 :


Message History

Aim: an orc priest, wielding a +0 mace and wearing a +0 chain mail (heavily wounded, 87% to hit)
The blast of sand hits the orc priest.
The orc priest is severely wounded.
The adder completely misses you. The adder bites you but does no damage.
The goblin hits you with a +0 club. The orc priest misses you.
Casting: Sandblast (safe; 1% risk of failure)
Confirm with . or Enter, or press ? or * to list all spells.
Aiming: Sandblast (safe; 1% risk of failure)
Press: ? - help, Shift-Dir - straight line, f/p - orc priest
Aim: an orc priest, wielding a +0 mace and wearing a +0 chain mail (severely wounded, 87% to hit)
The blast of sand hits the orc priest but does no damage.
The orc priest is severely wounded.
The adder closely misses you.
The orc priest hits you but does no damage.
The goblin barely misses you. The adder barely misses you.
The goblin barely misses you.
The orc priest hits you but does no damage.
Casting: Sandblast (safe; 1% risk of failure)
Confirm with . or Enter, or press ? or * to list all spells.
Aiming: Sandblast (safe; 1% risk of failure)
Press: ? - help, Shift-Dir - straight line, f/p - orc priest
Aim: an orc priest, wielding a +0 mace and wearing a +0 chain mail (severely wounded, 87% to hit)
The blast of sand hits the orc priest but does no damage.
The orc priest is severely wounded.
The adder barely misses you. The orc closely misses you.
The orc priest begins to cast a cantrip, but forgets the words!
The goblin closely misses you. The adder bites you.
Casting: Sandblast (safe; 1% risk of failure)
Confirm with . or Enter, or press ? or * to list all spells.
Aiming: Sandblast (safe; 1% risk of failure)
Press: ? - help, Shift-Dir - straight line, f/p - orc priest
Aim: an orc priest, wielding a +0 mace and wearing a +0 chain mail (severely wounded, 87% to hit)
The blast of sand hits the orc priest but does no damage.
The orc priest is severely wounded.
The adder bites you but does no damage. The orc hits you with a +0 hand axe.
The orc priest hits you with a +0 mace!
* * * LOW HITPOINT WARNING * * *
The goblin completely misses you. The adder barely misses you.
The goblin hits you with a +0 club.
You die...

....# .....
....# ....#
#######....#
#.........###
#....og...'..
#....@S{..#
######o......
#......
...... .#...
.# +# #


You could see an orc priest, an adder, an orc and a goblin.

Vanquished Creatures
  Sigmund (D:2)
  An orc priest (D:3)
  Jessica (D:2)
  Ijyb (D:3)
  An orc wizard (D:4)
  2 adders
  3 gnolls (D:2)
  4 orcs (D:3)
  9 bats
  3 endoplasms
  2 giant cockroaches
  2 goblins
  6 hobgoblins
  A quokka (D:2)
  2 ball pythons
  4 frilled lizards
  4 kobolds
  5 rats
52 creatures vanquished.

Notes
Turn   | Place    | Note
-------+----------+-------------------------------------------
     0 | D:1      | Heoruswealwe the Deep Elf Earth Elementalist began the
                  | quest for the Orb.
     0 | D:1      | Reached XP level 1. HP: 10/10 MP: 6/6
   157 | D:1      | Reached XP level 2. HP: 14/15 MP: 2/8
   528 | D:1      | Learned a level 2 spell: Passwall
   535 | D:2      | Reached skill level 1 in Conjurations
   651 | D:2      | Noticed Sigmund
   656 | D:2      | Killed Sigmund
   657 | D:2      | Reached skill level 4 in Earth Magic
   657 | D:2      | Reached XP level 3. HP: 6/19 MP: 4/10
   657 | D:2      | Reached XP level 4. HP: 8/24 MP: 4/12
   657 | D:2      | Reached XP level 5. HP: 9/28 MP: 4/13
   695 | D:2      | Reached skill level 5 in Earth Magic
   726 | D:2      | Noticed Jessica
   732 | D:2      | Killed Jessica
   760 | D:2      | Found a shimmering blue altar of Sif Muna.
  1130 | D:1      | You fall into a shaft and drop 1 floor!
  1336 | D:3      | Reached XP level 6. HP: 5/32 MP: 10/15
  1344 | D:3      | Learned a level 3 spell: Stone Arrow
  1352 | D:3      | Learned a level 4 spell: Petrify
  1417 | D:3      | Noticed Ijyb
  1667 | D:3      | Killed Ijyb
  1840 | D:3      | Identified the +4 flail "Fig Vias" {vorpal, rPois}
  2002 | D:3      | Found a faded altar of an unknown god.
  2013 | D:3      | Prayed at the altar of an unknown god.
  2013 | D:3      | Became a worshipper of Lugonu the Unformed
  2013 | D:3      | Reached * piety under Lugonu
  2013 | D:3      | Reached ** piety under Lugonu
  2014 | D:3      | Fell from the grace of Lugonu
  2130 | D:3      | Found Jeav's Book Shoppe.
  2148 | D:3      | Bought a book of Cantrips for 144 gold pieces
  2305 | D:4      | Slain by a goblin

Illustrated notes

Levels and vault maps discovered:
D:1:      dpeg_arrival_erosion, layout_rooms, roderic_three_in_a_row
D:2:      layout_basic, basic_altar, uniq_jessica, uniq_sigmund
D:3:      layout_rooms, hellmonk_ecumenical_altar_crossroads, serial_shops,
          shop, serial_glass, glass_columns_b, glass_columns_a, glass_columns_b,
          glass_columns_c, glass_columns_c, glass_columns_b, glass_columns_a,
          glass_columns_b, glass_columns_b, glass_columns_b, glass_columns_a,
          glass_columns_b, glass_columns_a, glass_columns_c, uniq_ijyb
D:4:      layout_basic, vehumet_altar_wand_db

Skill      XL: |  1  2  3  4  5 |
---------------+----------------+-----
Conjurations   | 2 |  2.9
Spellcasting   | 4 |  4.9
Transmutations | 2 3 |  3.2
Earth Magic    | 4 5 |  5.5
Dodging        | |  2.4
Stealth        | |  2.4

Action                   |  1- 3 |  4- 6 || total
-------------------------+-------+-------++-------
 Cast: Sandblast         |    27 |    72 ||    99
       Passwall          |       |     3 ||     3
Invok: Renounce Religion |       |     1 ||     1
  Use: Scroll            |     4 |       ||     4
Armor: Robe              |     1 |    13 ||    14
Dodge: Dodged            |     6 |    32 ||    38
